[Event "***Titled Tuesday 3|2 Blitz"]
[Site "Chess.com"]
[Date "2017.02.07"]
[Round "6"]
[White "Noukii"]
[Black "GMBenjaminBok"]
[Result "1/2-1/2"]
[WhiteElo "2626"]
[BlackElo "2633"]
[TimeControl "180+2"]
[EndTime "14:32:00 PST"]
[Termination "Game drawn by 50-move rule"]

1. d4 Nf6 2. Nf3 g6 3. Bg5 Bg7 4. Nbd2 O-O 5. c3 d6 6. e4 c5 7. dxc5 dxc5 8. Bc4 Nc6 9. Qe2 Qc7 10. O-O b6 11.
Rfe1 Bb7 12. Rad1 Rad8 13. Bh4 Nh5 14. Bg3 Nxg3 15. hxg3 e6 16. Nf1 Ne5 17. Ba6 Ba8 18. N1h2 Nxf3+ 19. Nxf3 Qc6 20. Bb5 Qb7 21. Ba6 Qc6 22.
Bb5 Qc7 23. Qe3 h6 24. Nh2 Qb7 25. f3 Qc7 26. Kf2 c4 27. Ng4 h5 28. Nh2 Bb7 29. Nf1 a6 30. Ba4 b5 31. Bc2 b4 32. cxb4 Bxb2 33.
Kg1 Rxd1 34. Rxd1 Rd8 35. Kh2 Rxd1 36. Bxd1 h4 37. f4 hxg3+ 38. Nxg3 Bg7 39. e5 c3 40. Bc2 Qc4 41. a3 Bh6 42. Ne4 Bxe4 43. Qxe4 Bxf4+ 44. Kg1 Qxe4 45. Bxe4 Bxe5 46. Kf1 Bd6 47. Ke2 f5 48.
Bb7 a5 49. bxa5 Bxa3 50. Kd3 Kf7 51. Kxc3 Bc5 52. Kc4 Bf2 53. Kd3 e5 54. Kc4 e4 55.
Bc6 Ke6 56. Kc3 Ke5 57. Kd2 f4 58. Ke2 Bc5 59. Be8 g5 60. Bd7 Kd6 61. Bf5 Ke5 62. Bc8 Kf6 63. Bg4 Kg6 64. a6 Bb6 65. Kd2 Kf6 66. Ke2 Ke5 67. Bc8 Kd4 68. Bg4 Kc5 69. Bf5 Kd5 70. Bc8 Ke5 71. Bg4 Kd4 72. Bc8 Kc5 73.
Bf5 Kd5 74. Bc8 Ba7 75. Bg4 Ke5 76. Bc8 Kf6 77. Bb7 Kf5 78. Bc8+ Ke5 79. Bg4 Kf6 80. Bc8 Kg6 81. Bb7 e3 82. Bc8 Kh5 83. Kf3 Kh4 84. Be6 Bb6 85. Bd7 Ba7 86. Be6 Bc5 87.
Bd7 Bd4 88. Be6 Ba7 89. Bd7 Bb6 90. Be6 Bc5 91. Bd7 Ba7 92. Be6 Kh5 93. Bf7+ Kh6 94. Be6 Kg6 95. Bg4 Kf6 96. Ke2 Ke5 97. Kf3 Kd4 98.
Ke2 Kc5 99. Bf3 Kb6 100. Bb7 Kb5 101. Bc8 Kc5 102. Kf3 Kd4 103. Ke2 Ke4 104. Bg4 Ke5 105. Bc8 Kd4 106. Bg4 Kc5 107. Bc8 Kb6 108. Kf3 Kb5 109. Ke2 Kc4 110. Bg4 Kd4 111. Bf3 Ke5 112. Bg4 Ke4 113. Bc8 Ke5 114. Bg4 Kf6 115. Kf3 Kg6 116. Ke2 Kf6 117. Kf3 Ke5 118. Ke2 Ke4 119. Bc8 Kd4 120. Bg4 Kc5 121. Bc8 Kb6 122. Kf3 Kb5 123. Ke2 Kb6 124. Kf3 Bb8 125. Ke2 Ba7 126. Kf3 Kc5 127. Ke2 Kc4 128. Bg4 Kd4 129.
Bc8 Ke5 130. Bg4 Kf6 131. Kf3 Kg6 132. Ke2 1/2-1/2

[Event "***Titled Tuesday 3|2 Blitz"]
[Site "Chess.com"]
[Date "2017.02.07"]
[Round "7"]
[White "E-Shaposhnikov"]
[Black "Evgeny_Levin"]
[Result "1/2-1/2"]
[WhiteElo "2755"]
[BlackElo "2777"]
[TimeControl "180+2"]
[EndTime "14:35:25 PST"]
[Termination "Game drawn by agreement"]

1. e4 c5 2. Nf3 d6 3. d4 Nf6 4. dxc5 Nxe4 5. cxd6 Nc6 6. Na3 e5 7.
Nb5 Nxd6 8. Be3 Bf5 9. Qd2 a6 10. Nxd6+ Qxd6 11. Qxd6 Bxd6 12. O-O-O Be7 13. Bc4 1/2-1/2

[Event "***Titled Tuesday 3|2 Blitz"]
[Site "Chess.com"]
[Date "2017.02.07"]
[Round "7"]
[White "MumLookatMeNow"]
[Black "ABDELAZEEZ-M"]
[Result "1-0"]
[WhiteElo "2258"]
[BlackElo "2133"]
[TimeControl "180+2"]
[EndTime "14:35:48 PST"]
[Termination "MumLookatMeNow won by checkmate"]

1. e4 c5 2. d4 cxd4 3. c3 dxc3 4.
Nxc3 g6 5. Bc4 Bg7 6. Nf3 a6 7.
O-O d6 8. e5 Bg4 9. Bxf7+ Kxf7 10. e6+ Bxe6 11. Ng5+ Kf6 12. Qd4+ Kf5 13. g4# 1-0

[Event "***Titled Tuesday 3|2 Blitz"]
[Site "Chess.com"]
[Date "2017.02.07"]
[Round "7"]
[White "macko06"]
[Black "Sebastian"]
[Result "0-1"]
[WhiteElo "2373"]
[BlackElo "2670"]
[TimeControl "180+2"]
[EndTime "14:36:04 PST"]
[Termination "Sebastian won by resignation"]

1. d4 d5 2. Bf4 Bf5 3. e3 e6 4.
Nf3 Bd6 5. Bg3 Nf6 6. Bd3 Bxd3 7. Qxd3 O-O 8. Nbd2 c5 9. c3 Nc6 10. O-O a6 11.
Rad1 Bxg3 12. hxg3 Qb6 13. dxc5 Qxc5 14. e4 Rfd8 15. exd5 Rxd5 16. Qe2 Rad8 17. Nb3 Qd6 18. Rxd5 Qxd5 19. Nbd4 Nxd4 20. Nxd4 Qxa2 21. Rd1 Qd5 22. Rd2 Qe4 23. Nb3 Rxd2 24. Qxd2 h5 25. Nc5 Qb1+ 26.
Kh2 Ng4+ 0-1

[Event "***Titled Tuesday 3|2 Blitz"]
[Site "Chess.com"]
[Date "2017.02.07"]
[Round "7"]
[White "RoelandPruijssers"]
[Black "BillieKimbah"]
[Result "0-1"]
[WhiteElo "2489"]
[BlackElo "2611"]
[TimeControl "180+2"]
[EndTime "14:37:27 PST"]
[Termination "BillieKimbah won by resignation"]

1. e4 e5 2. Nf3 Nc6 3. Bc4 Bc5 4. c3 Nf6 5. d3 O-O 6. O-O d6 7. a4 a6 8. Na3 Ne7 9. Bg5 Ng6 10. Nh4 Kh8 11. Qf3 h6 12. Bxf6 Qxf6 13. Qxf6 gxf6 14. Nf3 f5 15. Nc2 fxe4 16. dxe4 f5 17.
Bd3 Nf4 18. Nfe1 Ba7 19. exf5 Nxd3 20. Nxd3 Bxf5 21. Rad1 Rf7 22. Ne3 Bd7 23. Nd5 Bxa4 24. Rd2 Raf8 25. c4 Bd4 26. Kh1 Bb3 0-1

[Event "***Titled Tuesday 3|2 Blitz"]
[Site "Chess.com"]
[Date "2017.02.07"]
[Round "7"]
[White "oggy1984"]
[Black "twitchTriniCupid"]
[Result "0-1"]
[WhiteElo "2293"]
[BlackElo "2133"]
[TimeControl "180+2"]
[EndTime "14:37:30 PST"]
[Termination "twitchTriniCupid won by resignation"]

1. e4 d6 2. d4 Nf6 3. Nc3 g6 4. f4 Bg7 5. Nf3 O-O 6. Bd3 Bg4 7. e5 Nfd7 8. Ne4 d5 9. Nf2 Bxf3 10. Qxf3 e6 11. h4 f5 12. h5 c5 13. Qh3 Qe8 14. hxg6 Qxg6 15. g4 Nc6 16. gxf5 exf5 17. Rg1 Qxg1+ 18. Bf1 Nxd4 19. Kd1 Qxf2 0-1

[Event "***Titled Tuesday 3|2 Blitz"]
[Site "Chess.com"]
[Date "2017.02.07"]
[Round "7"]
[White "pedroholly22"]
[Black "gammagramma"]
[Result "0-1"]
[WhiteElo "2282"]
[BlackElo "2449"]
[TimeControl "180+2"]
[EndTime "14:37:39 PST"]
[Termination "gammagramma won by resignation"]

1. e4 c6 2. d4 d5 3. Nc3 dxe4 4.
Nxe4 Nd7 5. Nf3 Ngf6 6. Bd3 Nxe4 7. Bxe4 Nf6 8. Bd3 Bg4 9. c3 e6 10. O-O Bd6 11. Bg5 h6 12. Bh4 Qc7 13. Be2 Bxf3 14. Bxf3 Bxh2+ 15. Kh1 g5 16. Bg3 Bxg3 17. fxg3 Qxg3 18. Bxc6+ bxc6 19. Rxf6 Qh4+ 20. Kg1 g4 21. Qa4 Qxf6 22. Qxc6+ Ke7 23. Qb7+ Kd6 24. Qb4+ Kc7 25. Qc5+ Kd7 26. Qb5+ Kd8 27. Qb7 Rc8 28. Rf1 Qe7 29.
Qb5 Re8 30. Rf4 f5 31. Qe5 Qc7 32. Qf6+ Kd7 33. d5 Qxf4 34. Qf7+ Re7 35. dxe6+ Kd6 0-1

[Event "***Titled Tuesday 3|2 Blitz"]
[Site "Chess.com"]
[Date "2017.02.07"]
[Round "7"]
[White "ZEN-22"]
[Black "kiborg1987"]
[Result "0-1"]
[WhiteElo "2379"]
[BlackElo "2630"]
[TimeControl "180+2"]
[EndTime "14:37:41 PST"]
[Termination "kiborg1987 won by resignation"]

1. e3 g6 2. h4 Nf6 3. h5 Nxh5 4.
Rxh5 gxh5 5. Qxh5 d5 6. c4 c6 7.
Nc3 Nd7 8. cxd5 Nf6 9. Qe5 Qd6 10. Qxd6 exd6 11. dxc6 bxc6 12. g3 Bd7 13. b3 h5 14.
Nf3 Be7 15. Bg2 Rc8 16. Ba3 c5 17. Nh4 Ng4 18. Bb2 Bxh4 19. gxh4 Rg8 20. Bb7 Rb8 21. Ba6 Bc6 22. Ke2 Ne5 23. f4 Rg2+ 24. Kf1 Rxd2 25. Bc1 Bg2+ 0-1

[Event "***Titled Tuesday 3|2 Blitz"]
[Site "Chess.com"]
[Date "2017.02.07"]
[Round "7"]
[White "AungTZ"]
[Black "GeorgMeier"]
[Result "0-1"]
[WhiteElo "2070"]
[BlackElo "2671"]
[TimeControl "180+2"]
[EndTime "14:38:01 PST"]
[Termination "GeorgMeier won by resignation"]

1. e4 e6 2. d4 d5 3. Nc3 dxe4 4.
Nxe4 Nd7 5. Nf3 Ngf6 6. Nxf6+ Nxf6 7. Bd3 c5 8. O-O cxd4 9. Nxd4 Bc5 10. Nb3 Bd6 11. Bg5 h6 12. Bxf6 Qxf6 13. Bb5+ Ke7 14.
Qd4 Qxd4 15. Nxd4 Be5 16. c3 Rd8 17. Nf3 Bc7 18. Rad1 a6 19. Bd3 Bd7 20. Be4 Rab8 21. Ne1 f5 22. Bf3 Bb5 23. Nc2 Bxf1 24. Rxf1 Rd2 25.
Rc1 Bb6 0-1

[Event "***Titled Tuesday 3|2 Blitz"]
[Site "Chess.com"]
[Date "2017.02.07"]
[Round "7"]
[White "Blitzstream"]
[Black "ChessMavenYeti"]
[Result "1-0"]
[WhiteElo "2444"]
[BlackElo "2175"]
[TimeControl "180+2"]
[EndTime "14:38:12 PST"]
[Termination "Blitzstream won by resignation"]

1. d4 d5 2. Nc3 e6 3. Bf4 Be7 4.
Nf3 c5 5. e4 cxd4 6. Qxd4 dxe4 7. Qxd8+ Bxd8 8. Nxe4 Ba5+ 9. c3 Nc6 10. Nd6+ Ke7 11.
O-O-O Nf6 12. Bc4 Rd8 13. Ng5 Rf8 14. Rhe1 g6 15. Bb5 h6 16. Nge4 Nxe4 17. Nxe4 Rh8 18. Bd6+ Kd7 19. Be5+ 1-0

[Event "***Titled Tuesday 3|2 Blitz"]
[Site "Chess.com"]
[Date "2017.02.07"]
[Round "7"]
[White "EltajSafarli"]
[Black "MagnusCarlsen"]
[Result "1/2-1/2"]
[WhiteElo "2855"]
[BlackElo "2983"]
[TimeControl "180+2"]
[EndTime "14:38:32 PST"]
[Termination "Game drawn by agreement"]

1. e4 e5 2. Nf3 Nc6 3. Bb5 Nf6 4.
O-O Nxe4 5. d4 Be7 6. dxe5 O-O 7. Qd5 Nc5 8. Be3 a6 9. Be2 d6 10. Bxc5 dxc5 11. Qe4 Nd4 12. Nxd4 Qxd4 13. Nc3 Qxe4 14. Nxe4 Bf5 15. Bf3 Rad8 16. Rad1 c4 17. c3 b5 18. Rfe1 Rfe8 19. g3 Rxd1 20. Bxd1 Bf8 21. f4 f6 22. g4 Bxe4 23. Rxe4 fxe5 24. Rxe5 Rxe5 25. fxe5 Kf7 26. Bf3 Bc5+ 27. Kg2 Be3 28. Bb7 a5 29. Ba6 c6 30. Bb7 Ke6 31. Bxc6 b4 32.
Kf3 Bc1 33. cxb4 axb4 34. Ke4 Bxb2 35. Bd5+ Ke7 36. Bxc4 h6 37. h4 Bc3 38. h5 Bb2 39. Bb3 Bc3 1/2-1/2

[Event "***Titled Tuesday 3|2 Blitz"]
[Site "Chess.com"]
[Date "2017.02.07"]
[Round "7"]
[White "mrkvoz"]
[Black "avto24"]
[Result "1-0"]
[WhiteElo "2610"]
[BlackElo "2382"]
[TimeControl "180+2"]
[EndTime "14:39:07 PST"]
[Termination "mrkvoz won by checkmate"]

1. e4 d5 2. exd5 Nf6 3. Nf3 Nxd5 4. d4 g6 5. Bc4 Bg7 6. O-O O-O 7. Re1 Nc6 8. c3 Bg4 9. h3 Bf5 10. Nbd2 Nb6 11.
Bb5 h6 12. Bxc6 bxc6 13. Ne4 Bxe4 14. Rxe4 c5 15. Qe1 cxd4 16. Nxd4 e6 17. Bf4 c5 18. Nb3 c4 19. Rd1 Qc8 20. Nd4 Na4 21. Qe2 Qb7 22. Bc1 Rac8 23. Nf3 Bxc3 24. Bxh6 Rfe8 25.
Rxc4 Qxb2 26. Rxc8 Qxe2 27. Rxe8+ Kh7 28. Rd2 Bxd2 29.
Bxd2 g5 30. Nxg5+ Kg6 31. Nf3 f6 32. Re7 Nc5 33. Nh4+ Kh5 34. Rh7# 1-0

[Event "***Titled Tuesday 3|2 Blitz"]
[Site "Chess.com"]
[Date "2017.02.07"]
[Round "7"]
[White "Jahonas"]
[Black "Pierrebl"]
[Result "0-1"]
[WhiteElo "2138"]
[BlackElo "2403"]
[TimeControl "180+2"]
[EndTime "14:39:12 PST"]
[Termination "Pierrebl won by resignation"]

1. e4 g6 2. Nf3 Bg7 3. d4 d6 4.
Bc4 Nf6 5. Nc3 O-O 6. Bb3 Bg4 7.
O-O Nc6 8. Be3 Nd7 9. Ne2 Bxf3 10. gxf3 e5 11. d5 Ne7 12. f4 exf4 13. Nxf4 Bxb2 14.
Bd4 Bxd4 15. Qxd4 Ne5 16. Kh1 Kh8 17. Ng2 f6 18. f4 Nd7 19. Rf2 Nc5 20. Raf1 Ng8 21.
e5 Qe7 22. e6 Qg7 23. f5 a5 24. a4 g5 25. Ne3 Ne7 26. Rg1 h5 27. h4 g4 28. Qf4 Kh7 29. Rfg2 Qh6 30. Qd4 Rg8 31.
Rg3 Ra6 32. Rf1 Rb6 33. Ng2 Rb4 34. Bc4 Rxa4 35. Nf4 b5 36. Ng6 0-1

[Event "***Titled Tuesday 3|2 Blitz"]
[Site "Chess.com"]
[Date "2017.02.07"]
[Round "7"]
[White "NoWuss2"]
[Black "ER404"]
[Result "0-1"]
[WhiteElo "2042"]
[BlackElo "2159"]
[TimeControl "180+2"]
[EndTime "14:39:37 PST"]
[Termination "ER404 won on time"]

1. e4 c6 2. Nc3 d5 3. Nf3 Bg4 4. h3 Bh5 5. exd5 cxd5 6. g4 Bg6 7.
Bb5+ Nc6 8. Ne5 Rc8 9. h4 f6 10. Nxg6 hxg6 11. d4 e6 12. Bd3 Kf7 13. h5 gxh5 14.
gxh5 Nge7 15. Ne2 Nf5 16. c3 Bd6 17. Nf4 Re8 18. Qg4 Qc7 19. Kd1 Nh6 20. Bg6+ Kg8 21. Qf3 Re7 22. Rg1 Rd8 23. Nxd5 exd5 24. Qxd5+ Kh8 25.
Qg2 Bf4 26. Bd3 Nxd4 27. Qg6 Ndf5 0-1

[Event "***Titled Tuesday 3|2 Blitz"]
[Site "Chess.com"]
[Date "2017.02.07"]
[Round "7"]
[White "Vamostodorecto"]
[Black "underdogchss"]
[Result "1/2-1/2"]
[WhiteElo "2452"]
[BlackElo "2456"]
[TimeControl "180+2"]
[EndTime "14:39:39 PST"]
[Termination "Game drawn by agreement"]

1. d4 Nf6 2. c4 e6 3. Nc3 Bb4 4.
a3 Bxc3+ 5. bxc3 c5 6. f3 d5 7.
cxd5 Nxd5 8. dxc5 Qa5 9. e4 Nf6 10. Be3 O-O 11. Qb3 Nc6 12. Nh3 Nd7 13. Bb5 Qc7 14.
O-O Nce5 15. Bxd7 Nxd7 16. Qb4 b6 17. cxb6 axb6 18. Rab1 Ba6 19. Rfd1 Rfc8 20. Qd6 Qxd6 21. Rxd6 Rxc3 22. Rxd7 Rxe3 23. Rxb6 Rxa3 24. Rbd6 h6 25. Kf2 Ra2+ 26. Kg3 Bf1 27. Rd2 1/2-1/2

[Event "***Titled Tuesday 3|2 Blitz"]
[Site "Chess.com"]
[Date "2017.02.07"]
[Round "7"]
[White "plouarzel"]
[Black "HouseOfDurin"]
[Result "1-0"]
[WhiteElo "2398"]
[BlackElo "1896"]
[TimeControl "180+2"]
[EndTime "14:39:54 PST"]
[Termination "plouarzel won by resignation"]

1. e4 c5 2. Nf3 Nc6 3. Bb5 g6 4.
Bxc6 bxc6 5. O-O Bg7 6. Re1 e5 7. c3 Qb6 8. Na3 Ba6 9. Qa4 Bb5 10. Qb3 Ne7 11. Nc4 Bxc4 12. Qxc4 d5 13. Qa4 d4 14. b3 O-O 15. Ba3 Rfc8 16. Qc4 Qb5 17.
Qxc5 Rc7 18. cxd4 exd4 19. Rac1 Qxc5 20. Bxc5 Rd8 21. Bxe7 Rxe7 22. Rxc6 d3 23. e5 Rde8 24. Rc5 f6 25. Rd5 fxe5 26. Rxd3 e4 27. Rde3 Bh6 28. R3e2 Kf7 29. Nd4 Rd8 30. Rxe4 Rxe4 31. Rxe4 Bxd2 32. g3 Bc3 33. Nb5 Rd1+ 34. Kg2 Ba5 35. Nxa7 Bb6 36. Nb5 Rd2 37. Rf4+ Ke6 38. a4 Be3 39. Re4+ Kd5 40.
Rxe3 1-0

[Event "***Titled Tuesday 3|2 Blitz"]
[Site "Chess.com"]
[Date "2017.02.07"]
[Round "7"]
[White "abubakrtagelsir"]
[Black "WanderingPuppet"]
[Result "1-0"]
[WhiteElo "2148"]
[BlackElo "2320"]
[TimeControl "180+2"]
[EndTime "14:39:56 PST"]
[Termination "abubakrtagelsir won by resignation"]

1. e4 c5 2. Nc3 d6 3. f4 g6 4. Nf3 Bg7 5. Bb5+ Nc6 6. O-O Nf6 7. d3 O-O 8. Bxc6 bxc6 9. Qe1 c4 10.
d4 Qb6 11. Kh1 Bg4 12. e5 Ne8 13. Ng5 h6 14. Nge4 Bf5 15. Qe2 Rd8 16. Rb1 Nc7 17.
Ng3 Be6 18. Be3 Nd5 19. f5 gxf5 20. Nxd5 Bxd5 21. Nxf5 Kh7 22. Nxg7 Kxg7 23. Qg4+ Kh7 24. Qf5+ Kg7 25. Bxh6+ Kxh6 26. Qf4+ Kg7 27. Qg5+ Kh7 28. Rf4 1-0

[Event "***Titled Tuesday 3|2 Blitz"]
[Site "Chess.com"]
[Date "2017.02.07"]
[Round "7"]
[White "Dlugy"]
[Black "FelixBlohberger"]
[Result "1-0"]
[WhiteElo "2667"]
[BlackElo "2089"]
[TimeControl "180+2"]
[EndTime "14:39:59 PST"]
[Termination "Dlugy won on time"]

1. d4 Nf6 2. Bf4 d5 3. e3 c5 4.
dxc5 e6 5. b4 b6 6. Bxb8 Rxb8 7.
Bb5+ Ke7 8. a4 Ne4 9. f3 Nf6 10. Ne2 bxc5 11. bxc5 Qa5+ 12. Nd2 a6 13. Nd4 Bb7 14.
c6 Ba8 15. O-O e5 16. N2b3 Qb6 17. a5 Qa7 18. Nf5+ Ke6 19. Bd3 Bxc6 20. f4 g6 21. fxe5 gxf5 22. Nd4+ Kxe5 23. Rxf5+ Kd6 24. Rxf6+ Kc7 25.
Rxc6+ Kd8 26. Qh5 1-0

[Event "***Titled Tuesday 3|2 Blitz"]
[Site "Chess.com"]
[Date "2017.02.07"]
[Round "7"]
[White "Ar4uha"]
[Black "Konavets"]
[Result "0-1"]
[WhiteElo "2429"]
[BlackElo "2572"]
[TimeControl "180+2"]
[EndTime "14:40:05 PST"]
[Termination "Konavets won by resignation"]

1. e4 c5 2. Nf3 d6 3. Bb5+ Nd7 4.
d4 cxd4 5. Qxd4 a6 6. Bxd7+ Bxd7 7. c4 Rc8 8. Nc3 e5 9. Qd3 h6 10. O-O Nf6 11. Rd1 Be7 12. b3 O-O 13. a4 Qa5 14. Ba3 Rfd8 15. Ne1 Be8 16. Nc2 Qb6 17. Ne3 Bc6 18.
Rab1 Qc7 19. Rbc1 b6 20. Ncd5 Bxd5 21. Nxd5 Nxd5 22. Qxd5 Bf8 23. g3 Qc6 24. Rd3 g6 25. Rcd1 Qc7 26. Rf3 Qe7 27. Rfd3 Qc7 28. Rf3 Kg7 29.
h4 h5 30. Qd2 Kg8 31. Rd3 Qb7 32. Rd5 Rc6 33. Rxe5 dxe5 34. Qxd8 Rc8 35. f3 Rxd8 36. Rxd8 Qc7 37. Rxf8+ Kg7 38. Re8 Qd7 39. Rxe5 Qd4+ 0-1

[Event "***Titled Tuesday 3|2 Blitz"]
[Site "Chess.com"]
[Date "2017.02.07"]
[Round "7"]
[White "joppie2"]
[Black "IMJonathanCarlstedt"]
[Result "0-1"]
[WhiteElo "2515"]
[BlackElo "2442"]
[TimeControl "180+2"]
[EndTime "14:40:07 PST"]
[Termination "IMJonathanCarlstedt won by resignation"]

1. e4 e5 2. f4 Bc5 3. Nf3 d6 4. Bc4 Nc6 5. Nc3 Nf6 6. d3 a6 7. f5 h6 8. Qe2 O-O 9. Be3 Nd4 10. Qd2 c6 11. O-O-O b5 12. Bb3 a5 13.
a4 Qb6 14. Kb1 Nxb3 15. cxb3 Bxe3 16. Qe2 b4 17. Na2 Ba6 18. g4 d5 19. Qg2 Bxd3+ 20. Rxd3 dxe4 21. Rxe3 Qxe3 22. Nxe5 Rfe8 23. Nc4 Qxb3 24. Rc1 e3 25. Qe2 Nd5 26. Rc2 Nf4 27. Qe1 e2 28. Nc1 Qf3 29. Nd2 Qxg4 30. h3 Qxf5 31.
Nf3 Ng2 32. Qg3 e1=Q 33. Qxg2 Qee4 0-1

[Event "***Titled Tuesday 3|2 Blitz"]
[Site "Chess.com"]
[Date "2017.02.07"]
[Round "7"]
[White "olomi007"]
[Black "Dale"]
[Result "1-0"]
[WhiteElo "2501"]
[BlackElo "1983"]
[TimeControl "180+2"]
[EndTime "14:40:12 PST"]
[Termination "olomi007 won by checkmate"]

1. e4 Nf6 2. e5 Nd5 3. d4 c5 4. c4 Nb4 5. d5 Qa5 6. Nc3 d6 7. f4 Bf5 8. Kf2 g5 9. exd6 Bg7 10. Nf3 exd6 11. Qe2+ Kd8 12. Nxg5 Nd3+ 13. Kg3 Bd4 14. Nxf7+ Kd7 15. Nxh8 Bf2+ 16. Kf3 Qd8 17. g4 Bxg4+ 18. Kxg4 Qh4+ 19. Kf5 Nb4 20. Nb5 Be3 21. Qxe3 Qh5+ 22. Kf6 Kc8 23. Nxd6+ Kc7 24. Qxc5+ N8c6 25. Nb5+ Kc8 26. Qf8+ Kd7 27. Bh3+ Qxh3 28. Qd6+ Ke8 29.
Nc7# 1-0

[Event "***Titled Tuesday 3|2 Blitz"]
[Site "Chess.com"]
[Date "2017.02.07"]
[Round "7"]
[White "jncool68"]
[Black "SCIM"]
[Result "1/2-1/2"]
[WhiteElo "2526"]
[BlackElo "2281"]
[TimeControl "180+2"]
[EndTime "14:40:26 PST"]
[Termination "Game drawn by repetition"]

1. e4 c5 2. Nf3 e6 3. d4 cxd4 4. Nxd4 Nc6 5. Nc3 Qc7 6. Be3 a6 7. a3 Nf6 8. f4 d5 9. e5 Nd7 10. Qd2 Nxd4 11. Bxd4 Bc5 12. O-O-O O-O 13. g3 b5 14. Bxc5 Nxc5 15. Bg2 Bd7 16. Qd4 a5 17. f5 b4 18. f6 bxc3 19. Qg4 cxb2+ 20.
Kb1 g6 21. Qf4 Kh8 22. Rd4 Rg8 23. Qg5 Ne4 24. Bxe4 dxe4 25. Re1 Rac8 26. Re2 Bc6 27. Rc4 Qb7 28. Re3 Bd5 29. Rb3 Qa6 30. Rxc8 Rxc8 31. Qh6 Qf1+ 32. Kxb2 Rxc2+ 33. Kxc2 Qe2+ 34. Kc1 Qe1+ 35.
Kc2 Qe2+ 36. Kc1 Qf1+ 37. Kb2 Qe2+ 38. Ka1 Qd1+ 39. Rb1 Qd4+ 40. Rb2 Qd1+ 41. Rb1 Qd4+ 42. Rb2 Qd1+ 43. Rb1 Qd4+ 44. Rb2 Qd1+ 1/2-1/2

[Event "***Titled Tuesday 3|2 Blitz"]
[Site "Chess.com"]
[Date "2017.02.07"]
[Round "7"]
[White "AllStarShark"]
[Black "scenicregal"]
[Result "0-1"]
[WhiteElo "2237"]
[BlackElo "1858"]
[TimeControl "180+2"]
[EndTime "14:40:33 PST"]
[Termination "scenicregal won by checkmate"]

1. d4 c5 2. c3 e6 3. Nf3 Nf6 4. Bf4 b6 5. e3 Bb7 6. Bd3 d6 7. Nbd2 h6 8. O-O Be7 9. e4 Nbd7 10. Qe2 d5 11. h3 cxd4 12. cxd4 dxe4 13. Nxe4 Nxe4 14. Bxe4 Bxe4 15. Qxe4 Nf6 16. Qc6+ Kf8 17.
Rac1 Nd5 18. Bd2 Qe8 19. Qb7 Qb8 20. Qa6 g5 21. Ne5 Kg7 22. f4 f6 23. Nc6 Qd6 24. fxg5 hxg5 25. Nxe7 Nxe7 26. Qa4 Nf5 27. Bc3 Rxh3 28.
Qa6 Qh2+ 29. Kf2 Qg3+ 30. Kg1 Rc8 31. Qb7+ Kg6 32. Qxc8 Qh2+ 33. Kf2 Qg3+ 34. Ke2 Qe3+ 35. Kd1 Qd3+ 36. Bd2 Qxf1+ 37. Kc2 Qd3+ 38. Kd1 Ne3+ 39. Ke1 Qf1# 0-1

[Event "***Titled Tuesday 3|2 Blitz"]
[Site "Chess.com"]
[Date "2017.02.07"]
[Round "7"]
[White "PaulfromSPb"]
[Black "kpio91"]
[Result "0-1"]
[WhiteElo "2455"]
[BlackElo "2541"]
[TimeControl "180+2"]
[EndTime "14:40:38 PST"]
[Termination "kpio91 won by resignation"]

1. e4 c6 2. d4 d5 3. Nd2 dxe4 4.
Nxe4 Nf6 5. Nxf6+ gxf6 6. c3 Bf5 7. Nf3 Nd7 8. g3 e6 9. Bg2 Bd6 10. Nh4 Bg6 11. O-O Qc7 12. Be3 O-O-O 13. b4 f5 14. f4 Nf6 15. Nf3 Bh5 16. Qa4 Bxf3 17. Bxf3 a6 18. c4 h5 19. b5 axb5 20. cxb5 Nd5 21.
bxc6 bxc6 22. Rfc1 Kd7 23. Rc2 Ra8 24. Qc4 Nxe3 25.
Qxc6+ Qxc6 26. Rxc6 Nd5 27. Rc2 Ra4 28. Rd2 Rha8 29.
Be2 Ke7 30. Bxh5 Rxd4 31. Rxd4 Bc5 32. Kh1 Bxd4 33. Rb1 Rxa2 34. Rb7+ Kd6 35. Bxf7 Ne3 36. Rb1 Ng4 0-1

[Event "***Titled Tuesday 3|2 Blitz"]
[Site "Chess.com"]
[Date "2017.02.07"]
[Round "7"]
[White "Shivagami"]
[Black "MattyDPerrine"]
[Result "0-1"]
[WhiteElo "1981"]
[BlackElo "2184"]
[TimeControl "180+2"]
[EndTime "14:40:38 PST"]
[Termination "MattyDPerrine won by resignation"]

1. d4 Nf6 2. Bf4 c5 3. e3 e6 4.
c3 Nc6 5. Nd2 b6 6. Bd3 Be7 7.
h3 Bb7 8. Ngf3 O-O 9. O-O d5 10.
Qb1 Bd6 11. Ne5 Qc7 12. Ndf3 Ne7 13. Ng5 g6 14. h4 Nf5 15. Bxf5 exf5 16. f3 Rae8 17.
Qe1 Ba6 18. Rf2 Nh5 19. Nh3 f6 20. Nxg6 hxg6 21. Bxd6 Qxd6 22. f4 cxd4 23. cxd4 Ng3 24.
Rf3 Ne4 25. h5 g5 26. Qd1 g4 0-1

[Event "***Titled Tuesday 3|2 Blitz"]
[Site "Chess.com"]
[Date "2017.02.07"]
[Round "7"]
[White "Wolverine_master"]
[Black "oskariot"]
[Result "0-1"]
[WhiteElo "1974"]
[BlackElo "2498"]
[TimeControl "180+2"]
[EndTime "14:40:38 PST"]
[Termination "oskariot won by checkmate"]

1. e4 g6 2. d4 Bg7 3. Nc3 d6 4. f4 a6 5. Nf3 b5 6. a3 Bb7 7. Bd3 Nd7 8. O-O c5 9. Be3 Ngf6 10. e5 Ng4 11. Qe2 Nxe3 12. Qxe3 cxd4 13. Qxd4 dxe5 14. fxe5 Nxe5 15. Qxd8+ Rxd8 16. Nxe5 Bxe5 17. Rae1 Bd4+ 18. Kh1 e6 19. Be4 Bxc3 20. bxc3 Bxe4 21. Rxe4 Rd2 22. c4 Rxc2 23. cxb5 axb5 24. Re5 Ra2 25. Rxb5 O-O 26. Ra5 Rd8 27. Ra7 Rf2 28. Rg1 Rdd2 29. h3 Ra2 30. Kh2 h5 31. h4 Kg7 32. Kg3 Rfd2 33.
a4 Rd3+ 34. Kh2 Rdd2 35. Kg3 e5 36. Kh3 Rd3+ 37. Kh2 Rd4 38. Rf1 Rxh4+ 39. Kg3 Rg4+ 40. Kh3 Rf4 41. Rxf4 exf4 42. a5 g5 43. a6 Ra1 44.
Kh2 g4 45. Ra8 g3+ 46. Kh3 Rh1# 0-1

[Event "***Titled Tuesday 3|2 Blitz"]
[Site "Chess.com"]
[Date "2017.02.07"]
[Round "7"]
[White "coalescenet"]
[Black "GianmarcoVaR"]
[Result "0-1"]
[WhiteElo "2304"]
[BlackElo "2399"]
[TimeControl "180+2"]
[EndTime "14:40:41 PST"]
[Termination "GianmarcoVaR won by checkmate"]

1. d4 Nf6 2. c4 e6 3. Nf3 b6 4. g3 Bb7 5. Bg2 Bb4+ 6. Nbd2 O-O 7. O-O d5 8. Ne5 Bd6 9. f4 c5 10. cxd5 exd5 11. Ndf3 Ne4 12. Be3 f6 13. Ng4 c4 14.
Nd2 Nxd2 15. Qxd2 b5 16. Bf2 Nd7 17. Ne3 Nb6 18. g4 Qd7 19. Nf5 Bc7 20. h3 a5 21.
Ng3 b4 22. e4 dxe4 23. Nxe4 Bd5 24. Nc5 Qc6 25. Bg3 Rad8 26. Rfe1 Rfe8 27. Rxe8+ Rxe8 28. Re1 Rxe1+ 29. Qxe1 Bxg2 30. Qe7 Bxh3 31. Ne6 Qg2# 0-1

[Event "***Titled Tuesday 3|2 Blitz"]
[Site "Chess.com"]
[Date "2017.02.07"]
[Round "7"]
[White "popov_m"]
[Black "nihalsarin"]
[Result "1-0"]
[WhiteElo "2341"]
[BlackElo "2479"]
[TimeControl "180+2"]
[EndTime "14:40:44 PST"]
[Termination "popov_m won by resignation"]

1. d4 Nf6 2. Bf4 e6 3. e3 b6 4.
Nf3 Bb7 5. h3 Bd6 6. Ne5 O-O 7.
Nd2 Nd5 8. Bh2 f6 9. Nef3 Bxh2 10. Nxh2 f5 11. Nhf3 Qe8 12. c3 Kh8 13. Qc2 c5 14. g4 Nc6 15. O-O-O Rc8 16. Kb1 cxd4 17. exd4 Nf4 18.
Rg1 fxg4 19. Rxg4 Qh5 20. Rg5 Qh6 21. Qa4 a6 22. Qa3 b5 23. Qd6 b4 24. Qxd7 bxc3 25. bxc3 Rb8 26. Ka1 Na5 27. Rb1 Bd5 28. Rxb8 Rxb8 29.
Qd6 Rg8 30. Qxf4 Nc6 31. Bd3 Bxf3 32. Nxf3 e5 33. Nxe5 Nxe5 34. Qxe5 Qh4 35. Rh5 1-0

[Event "***Titled Tuesday 3|2 Blitz"]
[Site "Chess.com"]
[Date "2017.02.07"]
[Round "7"]
[White "VMikhalevski"]
[Black "Rozum_Ivan"]
[Result "1-0"]
[WhiteElo "2535"]
[BlackElo "2561"]
[TimeControl "180+2"]
[EndTime "14:40:45 PST"]
[Termination "VMikhalevski won by resignation"]

1. Nf3 Nf6 2. g3 b6 3. Bg2 Bb7 4. O-O g6 5. b3 Bg7 6. Bb2 O-O 7. d4 c5 8. c4 cxd4 9. Nxd4 Bxg2 10. Kxg2 d6 11. Nc3 Qd7 12. e4 Qb7 13. f3 Nbd7 14.
Qe2 e6 15. Rad1 a6 16. Nc2 Ne8 17. Na4 b5 18. Bxg7 Kxg7 19. Nb2 Ne5 20. Ne3 Rd8 21. Qd2 Nf6 22. Qc3 Kg8 23. Rd2 Nxf3 24. Rxf3 Nxe4 25. Qd3 Nxd2 26. Qxd2 f5 27. Ned1 d5 28. cxb5 axb5 29. Qd4 Rfe8 30. Nd3 Qc7 31. Ne5 Qc2+ 32. Nf2 Qxa2 33. h4 Qc2 34. h5 g5 35. Qa7 g4 36.
h6 gxf3+ 37. Kh3 1-0